 Dungeon Crawl Stone Soup version 0.28.0 (webtiles) character file.

Game seed: 9056647458271688193

317 lawman0 the Magician (level 6, -7/44 HPs)
             Began as a Palentonga Hedge Wizard on Feb 9, 2022.
             Mangled by an ogre (29 damage)
             ... on level 4 of the Dungeon.
             The game lasted 00:04:56 (4229 turns).

lawman0 the Magician (Palentonga Hedge Wizard)      Turns: 4229, Time: 00:04:57

Health: -7/44      AC:  4    Str: 14    XL:     6   Next: 20%
Magic:  2/12       EV: 10    Int: 16    God:
Gold:   122        SH:  0    Dex:  9    Spells: 4/13 levels left

rFire   . . .      SeeInvis +   o - staff of conjuration
rCold   . . .      Faith    .   (no shield)
rNeg    . . .      Spirit   .   b - +0 robe
rPois   .          Reflect  .   c - +0 hat
rElec   .          Harm     .   (no cloak)
rCorr   .          Rampage  .   (no gloves)
Will    .....                   (no barding)
Stlth   ++........              p - amulet of regeneration
HPRegen 0.94/turn               (no ring)
MPRegen 0.13/turn               (no ring)

@: very slightly contaminated
A: large, rugged brown scales 3, see invisible, deformed body, roll 1, armoured
tail
a: Rolling Charge


You were on level 4 of the Dungeon.
You visited 1 branch of the dungeon, and saw 4 of its levels.

You collected 122 gold pieces.

Inventory:

Hand Weapons
 a - a +0 dagger
 h - a +1 quarterstaff
Armour
 b - a +0 robe (worn)
 c - a +0 hat (worn)
Magical Staves
 o - a staff of conjuration (weapon)
Jewellery
 j - an amulet of reflection
 k - a ring of fire
 p - an amulet of regeneration (around neck)
Wands
 t - a wand of paralysis (11)
Scrolls
 e - 2 scrolls of enchant weapon
 g - 2 scrolls of magic mapping
 i - a scroll of noise
 l - 3 scrolls of teleportation {unknown}
 m - a scroll of fear
Potions
 d - a potion of curing
 f - 3 potions of brilliance
 n - a potion of degeneration {unknown}
 q - a potion of cancellation {unknown}
 r - a potion of heal wounds {unknown}
 s - 2 potions of mutation {unknown}


   Skills:
 + Level 0.6 Fighting
 + Level 2.1 Dodging
 + Level 1.7 Stealth
 + Level 4.4 Spellcasting
 * Level 2.9 Conjurations
 + Level 1.0 Summonings
 + Level 1.0 Translocations
 * Level 1.1 Air Magic
 * Level 1.4 Poison Magic


You had 4 spell levels left.
You knew the following spells:

 Your Spells              Type           Power      Damage    Failure   Level
a - Magic Dart            Conj           76%        1d6       4%          1
b - Slow                  Hex            12%        N/A       16%         1
c - Blink                 Tloc           12%        N/A       16%         2
d - Call Imp              Summ           6%         N/A       16%         2
e - Mephitic Cloud        Conj/Pois/Air  14%        N/A       22%         3

Your spell library contained the following spells:

 Spells                   Type           Power      Damage    Failure   Level
 Conjure Flame            Conj/Fire      12%        6-21      26%         3


Dungeon Overview and Level Annotations

Branches:
Dungeon (4/15)
 Temple: D:4-7

Altars:
Nemelex Xobeh
Sif Muna

Shops:
D:2 :


Innate Abilities, Weirdness & Mutations

You are completely covered in rugged brown scales. (AC +3, +7% HP)
You have supernaturally acute eyesight. (SInv)
Armour fits poorly on your strangely shaped body.
You can roll at nearby foes to attack.
You have a long armoured tail.


Message History

Nothing appears to happen.
The orc shouts!
You hear a shout!
Aiming: Magic Dart (safe; 4% risk of failure)
Press: ? - help, Q - select action, (/) - cycle Shift-Dir - straight line, f/p - orc
Aim: an orc, wielding a +0 dagger and quivering stones (100% to hit)
You feel a surge of power!
The magic dart hits the orc.
The orc is severely wounded.
Aiming: Magic Dart (safe; 4% risk of failure)
Press: ? - help, Q - select action, (/) - cycle Shift-Dir - straight line, f/p - orc
Aim: an orc, wielding a +0 dagger and quivering stones (severely wounded, 100% to hit)
You feel a surge of power!
The magic dart hits the orc.
The orc is almost dead.
Aiming: Magic Dart (safe; 4% risk of failure)
Press: ? - help, Q - select action, (/) - cycle Shift-Dir - straight line, f/p - orc
Aim: an orc, wielding a +0 dagger and quivering stones (almost dead, 100% to hit)
You feel a surge of power!
The magic dart hits the orc.
You kill the orc!
You aren't carrying any items that you can evoke.
Your magical contamination has completely faded away.
Found an encrusted wooden wand and 23 bolts.
A jelly comes into view.
You hit the jelly but do no damage.
Your hands burn!
The jelly barely misses you. The jelly hits you but does no damage.
The jelly barely misses you. The jelly barely misses you.
The ogre barely misses you.
You see here a wand of paralysis (11).
t - a wand of paralysis (11)
The jelly hits you but does no damage.
The ogre hits you with a +0 giant club!!
Ouch! That really hurt!
Casting: Magic Dart (safe; 4% risk of failure)
Confirm with . or Enter, or press ? or * to list all spells.
You miscast Call Imp.
You are very lightly contaminated with residual magic.
Nothing appears to happen.
The jelly barely misses you.
The ogre hits you with a +0 giant club!!
Ouch! That really hurt!
You die...

*,,,* *,,,,,,,.#*,*,,,,,,,* **,,*
****,***.###*,,,,,,,***** **,,*
*,,,,*##...+,,,...,,,+,,* ,,,,*
*,#####...**,.....,,,**,** **,**
#+#...#.#**,,....,,,,,*,,,
,,,**###.......#####...,,,,*****,
**+*,#...........#.#.#,,,*+*,***,
**,,,##........O##...###**,,,**,,
,,,,,,+....(...J@......#,..,,,+,,
,,,,,,##.......##......#...,,,**,
,,,,,,,#.......#.......#...,,,,*,
,,,,,,,####+####.......'...,,,,*,
,,,,,,,*,,,,,,,#.......#...,,,,*,
,,,,,,**,,,,,,,##......#,,,,,,**,
,,,,,,+,,,,,,,,,+......#,,,,,,+,*
**,,,**,,,,,,,,,##...#####,,,**,,
**+*,*,,,,,,,,,,,#.#)#...#+#,*,,,


You could see an ogre and a jelly.

Vanquished Creatures
  A scorpion (D:3)
  3 jellies (D:4)
  A hound (D:3)
  3 adders
  2 dart slugs
  2 orcs (D:4)
  6 bats
  6 endoplasms
  2 giant cockroaches
  5 goblins
  7 hobgoblins
  3 quokkas
  5 ball pythons
  6 frilled lizards
  10 kobolds
  4 rats
66 creatures vanquished.

Vanquished Creatures (collateral kills)
  An adder (D:2)
1 creature vanquished.

Grand Total: 67 creatures vanquished

Notes
Turn   | Place    | Note
-------+----------+-------------------------------------------
     0 | D:1      | lawman0 the Palentonga Hedge Wizard began the quest for the
                  | Orb.
     0 | D:1      | Reached XP level 1. HP: 13/13 MP: 4/4
   209 | D:1      | Reached skill level 1 in Conjurations
   510 | D:1      | Reached XP level 2. HP: 20/20 MP: 4/6
   940 | D:1      | Found a faded altar of an unknown god.
  1320 | D:1      | Learned a level 1 spell: Slow
  1323 | D:1      | Learned a level 2 spell: Blink
  1326 | D:1      | Learned a level 2 spell: Call Imp
  1387 | D:2      | Reached XP level 3. HP: 25/25 MP: 2/8
  1819 | D:2      | Found Miynlic's Book Boutique.
  2570 | D:2      | Learned a level 3 spell: Mephitic Cloud
  2634 | D:2      | Reached skill level 4 in Spellcasting
  2634 | D:2      | Reached XP level 4. HP: 28/32 MP: 8/10
  3406 | D:3      | Found a sparkling altar of Nemelex Xobeh.
  3406 | D:3      | Found a shimmering blue altar of Sif Muna.
  3484 | D:3      | Noticed a scorpion
  3495 | D:3      | Killed a scorpion
  3496 | D:3      | Reached XP level 5. HP: 38/38 MP: 5/11
  3770 | D:4      | Noticed an ogre
  4081 | D:4      | Reached skill level 1 in Air Magic
  4081 | D:4      | Reached skill level 1 in Poison Magic
  4113 | D:4      | Reached XP level 6. HP: 36/44 MP: 0/12
  4192 | D:4      | Reached skill level 1 in Summonings
  4229 | D:4      | Mangled by an ogre

Illustrated notes

Levels and vault maps discovered:
D:1:      minmay_arrival_four_circles, layout_loops_ring,
          shapermc_ecumenical_altar_mp_ritualfount, nrook_campfire,
          minmay_pentomino_r2
D:2:      layout_loops_ring, serial_shops, shop_statue, serial_co_window_serial,
          co_window_corner_a, co_window_corner_a, co_window_paths_a,
          co_window_corner_a, co_window_corner_a, co_window_of_opportunity_a,
          co_window_corner_a, co_window_broadway_a, co_window_of_opportunity_b,
          co_window_cross_2, co_window_broadway_a, co_window_corner_b,
          co_window_corner_b, glass_columns_c
D:3:      layout_loops_ring, gammafunk_temple_overflow_wave
D:4:      nicolae_cairo_tiling_very_big, layout_loops_cross, grunt_decor_clamped

Skill      XL: |  1  2  3  4  5  6 |
---------------+-------------------+-----
Conjurations   | 1 2 |  2.9
Spellcasting   | 4 |  4.4
Dodging        | 2 |  2.1
Air Magic      | 1 |  1.1
Poison Magic   | 1 |  1.4
Summonings     | 1 |  1.0
Fighting       | |  0.6
Stealth        | |  1.7
Translocations | |  1.0

Action                   |  1- 3 |  4- 6 || total
-------------------------+-------+-------++-------
Melee: Dagger            |    13 |       ||    13
       Tailslap          |     3 |     1 ||     4
       Quarterstaff      |    21 |     4 ||    25
       Staff             |       |    15 ||    15
 Cast: Magic Dart        |    84 |    68 ||   152
       Call Imp          |     1 |     3 ||     4
       Mephitic Cloud    |       |     1 ||     1
 Abil: Rolling Charge    |       |     1 ||     1
  Use: Scroll            |     4 |     3 ||     7
 Stab: Sleeping          |     1 |       ||     1
Armor: Robe              |    19 |    11 ||    30
Dodge: Dodged            |    18 |    23 ||    41
